Map: Overgrown Facility

Players

Nom

  • Race: Terran Terran
  • League: Platinum
  • Spawn Location: 7:00

FullON

  • Race: Terran Terran
  • League: Gold
  • Spawn Location: 9:00

MonstroTown - Winner!

  • Race: Terran Terran
  • Spawn Location: 1:00

Michael - Winner!

  • Race: Zerg Zerg
  • League: Gold
  • Spawn Location: 3:00

VOD

Have the link to the VOD?

Description

Time

  • Played on: Sept. 27, 2018, 6:23 p.m.
  • Length: 10:23
Show
View Real Time Build Order
Export as new Build Order

Nom Terran 

Build Orders: Mech 

Get SALT Encoding   

  12  0:01  SCV  
  13  0:14  SCV  
  13  0:19  Supply Depot  
  14  0:27  SCV  
  15  0:30  Refinery  
  15  0:44  Barracks  
  16  0:50  SCV  
  16  0:57  Refinery  
  16  1:02  SCV  
  17  1:14  SCV  
  18  1:26  SCV  
  19  1:36  Factory  
  19  1:42  Orbital Command  
  19  1:53  Supply Depot  
  19  2:09  SCV  
  20  2:20  Factory  
  20  2:21  Barracks Reactor, Factory Tech Lab  
  20  2:26  SCV  
  21  2:41  Hellion  
  23  2:45  Infernal Pre-Igniter  
  23  2:58  SCV  
  23  3:03  Supply Depot  
  23  3:39  Hellion  
  25  3:54  Hellion x2  
  29  3:58  SCV  
  30  4:03  Supply Depot  
  30  4:05  Armory  
  30  4:07  Hellion  
  32  4:16  Hellion x2  
  36  4:29  Hellion  
  38  4:37  Hellion  
  40  4:42  Command Center  
  40  4:47  Hellion  
  40  4:50  Hellion  
  44  4:55  Engineering Bay  
  44  4:57  SCV  
  45  5:11  Hellion  
  47  5:21  Supply Depot  
  47  5:28  Missile Turret  
  47  5:43  Hellion x2  
  47  5:44  SCV  
  52  5:56  SCV  
  52  5:57  Refinery  
  49  6:36  Siege Tank  
  30  7:06  SCV  
  29  7:18  SCV  
  30  7:30  SCV  
  27  7:42  SCV  
  23  7:46  Orbital Command  
  25  7:51  Siege Tank  
  25  7:52  Barracks Tech Lab  
  25  7:54  SCV  
  26  7:58  Factory  
  26  8:00  Terran Vehicle Weapons Level 1  
  26  8:03  Armory  
  26  8:06  SCV  
  27  8:19  SCV  
  29  8:20  SCV  
  29  8:27  Siege Tank  
  29  8:31  SCV  
  29  8:32  SCV  
  34  8:57  Siege Tank  
  34  8:58  Factory Tech Lab  
  34  9:00  Siege Tank  
  41  9:10  SCV  
  41  9:13  Refinery  
  41  9:16  Siege Tank  
  44  9:29  Siege Tank  
  47  9:33  SCV x2  
  49  9:41  Command Center  
  49  9:48  Siege Tank  
  49  9:51  Supply Depot  
Show
View Real Time Build Order
Export as new Build Order

FullON Terran 

Build Orders:  

Get SALT Encoding   

  12  0:01  SCV  
  13  0:13  SCV  
  14  0:19  Supply Depot  
  14  0:25  SCV  
  15  0:30  Refinery  
  15  0:40  SCV  
  16  0:48  Barracks  
  16  0:54  SCV  
  17  1:03  Refinery  
  17  1:08  SCV  
  18  1:23  SCV  
  19  1:42  Marine  
  19  1:44  Factory  
  20  1:48  Orbital Command  
  20  2:11  Supply Depot  
  20  2:17  SCV  
  20  2:20  Marine  
  22  2:31  Starport  
  20  3:07  Factory Tech Lab  
  20  3:24  SCV  
  20  3:26  Siege Tank  
  24  3:39  Medivac  
  26  3:48  Supply Depot  
  26  3:50  SCV  
  27  4:00  Barracks  
  27  4:04  Marine  
  27  4:05  Siege Tank  
  27  4:09  SCV  
  32  4:15  Supply Depot  
  32  4:19  Medivac  
  32  4:21  SCV  
  35  4:25  Marine  
  36  4:39  SCV  
  36  4:43  Siege Tank  
  40  4:48  Marine  
  40  4:49  Marine  
  42  5:14  Marine  
  42  5:15  Marine  
  42  5:16  Command Center  
  44  5:45  Marine x2  
  46  6:27  Siege Tank, Medivac  
  46  6:41  Marine x2  
  48  7:00  Marine x2  
  53  7:01  Siege Tank  
  53  7:02  Medivac  
  55  7:52  Marine x2  
  55  7:53  Siege Tank  
  55  7:54  Medivac  
  62  8:15  Supply Depot  
  62  8:18  Marine  
  63  8:23  Supply Depot  
  63  8:33  Orbital Command  
  63  8:37  SCV  
  49  9:17  Marine x2  
  51  9:24  Barracks  
  51  9:25  Barracks  
  51  9:26  Starport Reactor  
  51  9:28  Barracks  
  51  9:35  Engineering Bay  
  51  9:36  Siege Tank, Engineering Bay  
  51  9:37  Marine x2  
  56  9:39  Supply Depot  
Show
View Real Time Build Order
Export as new Build Order

MonstroTown Terran - Winner!

Build Orders: Reaper Expand, MMM Bio 

Get SALT Encoding   

  12  0:01  SCV  
  13  0:13  SCV  
  14  0:19  Supply Depot  
  14  0:25  SCV  
  15  0:40  SCV  
  15  0:41  Barracks  
  16  0:46  Refinery  
  16  0:53  SCV  
  17  1:05  SCV  
  18  1:17  SCV  
  19  1:31  Reaper  
  20  1:34  Orbital Command  
  20  1:45  Supply Depot  
  20  1:56  Command Center  
  20  2:01  SCV  
  21  2:15  SCV  
  22  2:20  Factory  
  22  2:27  SCV  
  23  2:39  SCV  
  23  2:41  Marine  
  24  2:48  Barracks  
  24  2:51  SCV  
  25  3:01  Barracks Tech Lab  
  25  3:07  SCV  
  25  3:09  Orbital Command  
  26  3:15  Factory Tech Lab  
  26  3:18  Starport  
  26  3:19  SCV  
  27  3:20  Refinery  
  27  3:31  SCV  
  30  3:34  Marine  
  30  3:37  Stimpack  
  30  3:39  SCV  
  30  3:43  SCV  
  30  3:58  Marine  
  30  4:00  Marauder  
  33  4:13  Barracks  
  33  4:15  Barracks  
  33  4:16  Engineering Bay, Barracks  
  33  4:18  Siege Tank, Supply Depot  
  33  4:19  Marine  
  37  4:29  Supply Depot  
  37  4:34  Marine  
  38  4:40  SCV x2  
  38  4:44  Refinery  
  40  4:45  Medivac  
  40  4:46  Refinery  
  40  4:51  Terran Infantry Weapons Level 1  
  40  4:52  SCV  
  43  4:57  SCV  
  44  5:04  SCV  
  45  5:07  Barracks Tech Lab, Barracks Reactor  
  45  5:09  SCV  
  45  5:14  Marine x3  
  47  5:18  Engineering Bay  
  49  5:34  Barracks Tech Lab, Barracks Reactor  
  49  5:35  Combat Shield  
  49  5:39  SCV  
  49  5:40  SCV  
  51  5:48  Marine x2  
  51  5:49  Marauder x2  
  57  5:50  Siege Tank  
  57  5:51  Medivac  
  62  6:02  Supply Depot  
  62  6:08  Marine  
  62  6:23  Marauder  
  60  6:42  Marine x4  
  62  6:47  Armory, Supply Depot x3, Terran Infantry Armor Level 1  
  62  6:50  Missile Turret  
  62  6:56  SCV x2  
  62  6:58  Marine x2  
  64  7:08  SCV x2  
  64  7:11  Marine  
  64  7:12  Marine x2  
  68  7:18  Marine x3  
  68  7:21  Starport Reactor  
  71  7:23  SCV  
  72  7:31  Siege Tank  
  72  7:32  Marine x2  
  72  7:35  SCV x2  
  79  7:41  Missile Turret  
  79  7:43  Marine x3  
  82  8:04  Terran Infantry Weapons Level 2  
  82  8:06  Command Center  
  82  8:25  SCV x2, Marine x4  
  82  8:26  Marauder x2  
  82  8:27  Marauder  
  94  8:50  Medivac  
  94  8:51  SCV  
  94  8:53  Siege Tank, SCV  
  94  8:55  Supply Depot x2  
  94  8:57  Supply Depot  
  94  9:02  Marine x2  
  95  9:03  Marauder, SCV, Marine  
  95  9:48  Marine x3  
  95  9:49  Marauder x2  
  95  9:50  Siege Tank  
Show
View Real Time Build Order
Export as new Build Order

Michael Zerg - Winner!

Build Orders: Hatch First 

Get SALT Encoding   

  12  0:01  Drone  
  13  0:12  Overlord  
  13  0:18  Drone  
  14  0:31  Drone x2  
  14  0:34  Drone  
  17  0:46  Drone  
  18  0:59  Hatchery  
  18  1:01  Drone  
  18  1:06  Extractor  
  17  1:17  Spawning Pool  
  16  1:20  Drone  
  16  1:24  Drone  
  18  1:28  Drone  
  19  1:39  Drone  
  20  1:49  Overlord  
  20  2:04  Queen  
  20  2:06  Metabolic Boost  
  22  2:10  Queen  
  22  2:13  Zergling x2  
  22  2:14  Zergling x2  
  26  2:17  Zergling x2  
  26  2:22  Drone  
  28  2:24  Drone  
  29  2:32  Drone  
  30  2:39  Drone  
  31  2:52  Hatchery  
  31  2:53  Drone  
  31  2:56  Drone  
  31  3:10  Roach Warren  
  29  3:29  Drone  
  29  3:30  Drone x6  
  29  3:32  Overlord  
  36  3:46  Burrow  
  36  3:49  Queen  
  36  3:54  Extractor  
  36  3:55  Drone x4  
  41  3:57  Drone  
  41  4:00  Drone  
  43  4:06  Queen  
  43  4:09  Drone  
  46  4:13  Drone x2  
  46  4:14  Drone  
  49  4:20  Drone, Evolution Chamber  
  49  4:22  Drone  
  50  4:25  Overlord  
  50  4:28  Overlord  
  50  4:40  Overlord  
  50  4:43  Overlord  
  50  4:46  Drone x4  
  50  4:50  Spore Crawler  
  50  4:52  Spore Crawler, Extractor x2, Drone  
  51  4:57  Spore Crawler  
  51  4:59  Spine Crawler  
  49  5:01  Spine Crawler  
  49  5:04  Drone  
  49  5:05  Spore Crawler, Drone  
  49  5:07  Drone  
  50  5:17  Zerg Ground Armor Level 1  
  50  5:19  Lair  
  50  5:32  Roach x6  
  50  5:34  Roach  
  64  5:38  Queen  
  66  5:43  Queen  
  66  5:46  Drone  
  67  6:08  Roach x8  
  81  6:15  Drone  
  80  6:18  Roach  
  80  6:19  Overlord  
  80  6:20  Overlord x3  
  72  6:34  Roach x3  
  72  6:35  Roach x4  
  72  6:37  Roach  
  78  6:51  Drone  
  70  6:55  Drone x3  
  70  6:56  Drone  
  70  6:57  Drone  
  70  6:58  Drone  
  72  7:12  Zerg Missile Weapons Level 1  
  72  7:14  Roach  
  72  7:15  Roach x4  
  80  7:20  Queen x2  
  84  7:25  Roach  
  86  7:56  Spire  
  86  7:57  Hydralisk Den  
  84  8:11  Roach x2  
  88  8:14  Hatchery  
  88  8:16  Glial Reconstitution  
  87  8:22  Hatchery, Drone x3  
  89  8:37  Muscular Augments  
  89  8:57  Zergling x14  
  89  8:58  Zergling x2  
  97  9:24  Zergling x2  
  97  9:25  Zergling x18  
  97  9:30  Queen  
  109  9:32  Drone  
  109  9:35  Drone  
Tags
 
Add a new tag
Caveats
  • Supply blocks, unpowered buildings, or Contaminate may cause inaccurate times.
  • Supply counts are checked every 10 seconds.